 Dungeon Crawl Stone Soup version 0.31-a0-150-g89dc3ad700 (webtiles) character file.

Game seed: 13432195347651017032

41 qw the Shooter (level 3, -3/22 HPs)
             Began as a Gargoyle Hunter on June 8, 2023.
             Killed from afar by Sigmund (6 damage)
             ... with a puff of flame
             ... on level 2 of the Dungeon.
             The game lasted 00:00:28 (905 turns).

qw the Shooter (Gargoyle Hunter)                     Turns: 905, Time: 00:00:29

Health: -3/22      AC:  6    Str: 14    XL:     3   Next: 52%
Magic:  3/3        EV: 11    Int:  9    God:
Gold:   64         SH:  0    Dex: 15    Spells: 2/2 levels left

rFire   . . .        Y - +0 shortbow (flame)
rCold   . . .        (shield currently unavailable)
rNeg    + . .        c - +0 leather armour
rPois   inf          (no helmet)
rElec   +            (no cloak)
rCorr   .            (no gloves)
SInv    .            (no boots)
Will    .....        (no amulet)
Stlth   ++           (no ring)
HPRegen 0.23/turn    (no ring)
MPRegen 0.08/turn

%: no passive effects
@: no status effects
A: sickness immunity, AC +3, negative energy resistance 1, electricity
resistance, torment resistance 1, petrification resistance
a: no special abilities


You were on level 2 of the Dungeon.
You visited 1 branch of the dungeon, and saw 2 of its levels.

You collected 64 gold pieces.


Innate Abilities, Weirdness & Mutations

You are immune to sickness and miasma.
Your stone body is resilient. (AC +3)
You are immune to poison.
You resist negative energy. (rN+)
You are resistant to electric shocks. (rElec)
You are resistant to unholy torment.
You are immune to petrification.


   Skills:
 + Level 2.7 Fighting
 - Level 5.0 Ranged Weapons
 - Level 1.5 Dodging
 - Level 1.1 Stealth


You had 2 spell levels left.
You didn't know any spells.
Your spell library was empty.

Inventory:

Hand Weapons
 Y - a +0 shortbow of flaming (weapon)
Armour
 b - a +0 ring mail
 c - a +0 leather armour (worn)
Scrolls
 a - a scroll of identify
 h - 2 scrolls of teleportation
Potions
 d - a potion of mutation {unknown}
 g - a potion of might {unknown}
 j - a potion of enlightenment {unknown}

Dungeon Overview and Level Annotations

Branches:
Dungeon (2/15)

Altars:

Annotations:
D:2 Sigmund


Message History

Enter note:
Enter note:
Enter note: You start resting.
You hear some strange, mumbled words.
Deactivating autopickup; reactivate with Ctrl-A.
Something tries to affect you, but you resist.
Autopickup is now on.
You start resting.
Something hits you.
Deactivating autopickup; reactivate with Ctrl-A.
Autopickup is now on.
You start resting.
Something hits you but does no damage.
Deactivating autopickup; reactivate with Ctrl-A.
Autopickup is now on.
You start resting.
There is a strange disturbance nearby!
900 ||| Stepping randomly (disturbance).
Really walk into a travel-excluded area?
You hear some strange, mumbled words.
Deactivating autopickup; reactivate with Ctrl-A.
Something tries to affect you, but you resist.
Autopickup is now on.
Enter note:
Enter note: Something hits you.
Deactivating autopickup; reactivate with Ctrl-A.
Something hits you.
You shoot an arrow. You shoot an arrow. Something hits you but does no damage.
You shoot an arrow.
A magic dart appears from out of thin air!
The magic dart hits you but does no damage.
You shoot an arrow.
You hear some strange, mumbled words.
A puff of flame appears from out of thin air!
The puff of flame hits you.
You die...

#.# #.# ##.## ...#
#######[.#
.........# #...#
######..{########
...##....@.....#
##.##..........#
####...#.#..###.#..#
#....#.......# # #
#.##...###.#.#
#.###.####.#.# #.#
#:###.#..# #.#
#.##.###.## #.#
#.#.## ##.#


There were no monsters in sight!

Vanquished Creatures
  A worm (D:2)
  3 endoplasms (D:1)
  3 giant cockroaches (D:1)
  5 goblins
  3 hobgoblins
  3 jackals (D:1)
  5 kobolds
  A quokka (D:2)
  3 ball pythons (D:1)
  3 bats
  A frilled lizard (D:1)
  2 rats (D:1)
33 creatures vanquished.

Notes
Turn   | Place    | Note
-------+----------+-------------------------------------------
     0 | D:1      | qw the Gargoyle Hunter began the quest for the Orb.
     0 | D:1      | Reached XP level 1. HP: 12/12 MP: 1/1
     0 | D:1      | 0 ||| qw: Version: 0.2-a-120-gdf1a93b
     0 | D:1      | 0 ||| qw: Game counter: 2986
     0 | D:1      | 0 ||| qw: Always use a shield: true
     0 | D:1      | 0 ||| qw: God list: Okawaru
     0 | D:1      | 0 ||| qw: Allow faded altars: false
     0 | D:1      | 0 ||| qw: Do Orc after D:15 true
     0 | D:1      | 0 ||| qw: Do second Lair branch before Depths: true
     0 | D:1      | 0 ||| qw: Lair rune preference: random
     0 | D:1      | 0 ||| qw: Plans: Normal
     0 | D:1      | 0 ||| PLANNING D:1-11
    63 | D:1      | Reached XP level 2. HP: 8/17 MP: 2/2
   349 | D:1      | Reached XP level 3. HP: 7/21 MP: 3/3
   441 | D:1      | Reached skill level 5 in Ranged Weapons
   677 | D:1      | 677 ||| READING scroll labelled SYRPHI BAXTOBB.
   678 | D:1      | 678 ||| READING scroll labelled TAGGANKY AMIMP.
   679 | D:1      | 679 ||| READING scroll labelled WELUUB TAOFOASO.
   680 | D:1      | 680 ||| READING 3 scrolls labelled SEDGHO VETT.
   683 | D:1      | 683 ||| READING scroll labelled EMIK RETUCU.
   684 | D:1      | 684 ||| DROPPING scroll of butterflies.
   819 | D:2      | Found a faded altar of an unknown god.
   879 | D:2      | Noticed Sigmund
   900 | D:2      | 900 ||| Stepping randomly (disturbance).
   901 | D:2      | HP: 3/22 [something (5)]
   905 | D:2      | Killed from afar by Sigmund

Levels and vault maps discovered:
D:1:      matt_arrival_diagonals, layout_rooms, serial_glass, glass_columns_a,
          glass_columns_c, roderic_roman_lattice, minmay_pentomino_p2
D:2:      layout_loops_ring, basic_ecumenical_altar, uniq_natasha, uniq_sigmund

Skill      XL: |  1  2  3 |
---------------+----------+-----
Ranged Weapons | 5 |  5.0
Fighting       | |  2.7
Dodging        | |  1.5
Stealth        | |  1.1

Action                     || total
---------------------------++-------
   Fire: Shortbow          ||   115
    Use: Scroll            ||     5
 Armour: Leather armour    ||    28
  Dodge: Dodged            ||    36

Table legend:
 A = Non-vault XP
 B = Vault XP
 C = Vault XP percentage of total XP
 D = Non-vault monster count
 E = Vault monster count
 F = Vault count percentage of total count
                 A         B        C        D         E       F
            +---------+---------+-------+---------+---------+-------
      Total |      55 |       4 |   6.8 |      31 |       2 |   6.1
            +---------+---------+-------+---------+---------+-------
        D:1 |      41 |       4 |   8.9 |      24 |       2 |   7.7
        D:2 |      14 |       0 |   0.0 |       7 |       0 |   0.0
            +---------+---------+-------+---------+---------+-------
